 Dungeon Crawl Stone Soup version 0.24.0-1-gfbc8707 (webtiles) character file.

Game seed: 5703850270056852436, levelgen mode: deterministic

1857 Buxparty the Fighter (level 8, 0/72 HPs)
             Began as a Mummy Gladiator on Jan 3, 2020.
             Was an Initiate of Gozag.
             Slain by a troll (3 damage)
             ... on level 7 of the Dungeon.
             The game lasted 00:20:50 (9182 turns).

Buxparty the Fighter (Mummy Gladiator)              Turns: 9182, Time: 00:20:50

Health: 0/72       AC:  5    Str: 20    XL:     8   Next: 89%
Magic:  8/8        EV: 15    Int:  3    God:    Gozag
Gold:   620        SH:  0    Dex: 13    Spells: 7/7 levels left

rFire    . . .     SeeInvis +   k - +1 short sword (speed)
rCold    + . .     Gourm    .   (no shield)
rNeg     + + +     Faith    .   q - +0 leather armour of Nossiry {rElec rF+ Int-4}
rPois    ∞         Spirit   .   c - +0 helmet
rElec    +         Reflect  .   (no cloak)
rCorr    .         Harm     .   (no gloves)
MR       +....                  d - +0 pair of boots
Stlth    +.........             (no amulet)
HPRegen  0.22/turn              o - ring of wizardry
MPRegen  0.11/turn              p - ring of see invisible

@: no status effects
A: no food or potions, fire vulnerability, cold resistance 1, negative energy
resistance 3, torment resistance, unbreathing
a: Potion Petition, Call Merchant, Bribe Branch, Renounce Religion


You were on level 7 of the Dungeon.
You worshipped Gozag.
Gozag was pleased with you.
You were not hungry.

You visited 2 branches of the dungeon, and saw 8 of its levels.

You collected 669 gold pieces.
You paid 49 gold pieces to Gozag.

Inventory:

Hand Weapons
 a - a +0 rapier
 k - a +1 short sword of speed (weapon)
Missiles
 i - 15 poisoned darts (quivered)
Armour
 b - a +0 leather armour
 c - a +0 helmet (worn)
 d - a +0 pair of boots (worn)
 j - a +2 robe of resistance
 n - a +0 pair of boots
 q - the +0 leather armour of Nossiry (worn) {rElec rF+ Int-4}
   (You found it on level 6 of the Dungeon)

   It affects your intelligence (-4).
   It protects you from fire.
   It insulates you from electricity.
Jewellery
 o - a ring of wizardry (left hand)
 p - a ring of see invisible (right hand)
Wands
 r - a wand of flame (40)
Scrolls
 e - 4 scrolls of identify
 f - 3 scrolls of fear
 g - 3 scrolls of magic mapping {unknown}
 h - 4 scrolls of teleportation {unknown}
 l - a scroll of noise {unknown}
 m - a scroll of blinking {unknown}


   Skills:
 * Level 9.6 Fighting
 - Level 2.4 Short Blades
 - Level 1.5 Throwing
 + Level 6.0 Dodging


You had 7 spell levels left.
You didn't know any spells.
Your spell library contained the following spells:

 Spells                   Type           Power        Failure   Level  Hunger
 Flame Tongue             Conj/Fire      #....        28%         1    N/A
 Shock                    Conj/Air       #...         28%         1    N/A
 Swiftness                Chrm/Air       #.......     38%         2    N/A
 Throw Flame              Conj/Fire      #.....       38%         2    N/A
 Conjure Flame            Conj/Fire      #.......     61%         3    N/A
 Inner Flame              Hex/Fire       #.......     61%         3    N/A
 Static Discharge         Conj/Air       #.......     61%         3    N/A
 Airstrike                Air            #.........   94%         4    N/A
 Sticky Flame             Conj/Fire      #.......     94%         4    N/A
 Fireball                 Conj/Fire      #.........   100%        5    N/A
 Lightning Bolt           Conj/Air       #.........   100%        5    N/A

Dungeon Overview and Level Annotations

Branches:
Dungeon (7/15)             Temple (1/1) D:5

Altars:
Ashenzari
Cheibriados
Dithmenos
Elyvilon
Fedhas
Gozag
Hepliaklqana
Kikubaaqudgha
Nemelex Xobeh
Okawaru
Qazlal
Ru
Sif Muna
Trog
Uskayaw
Vehumet
Wu Jian
Xom
Yredelemnul
Zin
The Shining One

Shops:
D:7 *

Annotations:
D:4 3 runed translucent doors, abcdar's ghost, amateur DEVM
D:6 3 runed translucent doors, Buxparty's ghost, amateur MiFi; LostInSpace's ghost, novice OpTm


Innate Abilities, Weirdness & Mutations

You do not eat or drink.
Your flesh is vulnerable to fire.
You are immune to poison.
Your flesh is cold resistant. (rC+)
You are immune to negative energy. (rN+++)
You are immune to unholy pain and torment.
You can survive without breathing.


Message History

You are too injured to fight recklessly!
You are too injured to fight recklessly!
You are too injured to fight recklessly!
You puncture the troll!
The troll is heavily wounded.
The troll bites you. The troll claws you!
* * * LOW HITPOINT WARNING * * *
The troll claws you but does no damage.
You closely miss the troll.
The troll is moderately wounded.
You barely miss the troll.
The troll is moderately wounded.
The troll bites you!
* * * LOW HITPOINT WARNING * * *
The troll claws you but does no damage. The troll closely misses you.
You hit the troll but do no damage.
The troll is moderately wounded.
The troll bites you.
You die...
Your body crumbles into a pile of gold.

#...# #)..# #...##
#..... ##########
#....# #........#
#....# #....).[.#
#.#### #........# #.#
#...T@...########.####
#..............##....#
#..............''....#
#######........##....#
#........##....#
######+####....#
#######.#######
#%%h.$'..# #%....#..#


You could see a troll.

Vanquished Creatures
  Eustachio (D:4)
  A hog (D:7)
  An orc warrior (D:7)
  2 ogres
  3 centaurs
  3 bullfrogs
  A scorpion (D:6)
  A water moccasin skeleton (D:6)
  A howler monkey (D:7)
  4 orc priests
  2 bullfrog skeletons (D:6)
  Jessica (D:3)
  An iguana (D:7)
  4 orc wizards
  Natasha (thrice) (D:4)
  3 worker ants
  2 hound skeletons
  A howler monkey zombie (D:6)
  10 adders
  2 shadow imps
  2 adder zombies
  An adder skeleton (D:7)
  2 worms
  A dart slug (D:2)
  3 leopard geckos
  28 orcs
  5 ball pythons
  5 giant cockroaches
  10 goblins
  7 hobgoblins
  9 jackals
  2 quokkas
  6 bats
  4 frilled lizards
  2 kobolds (D:3)
  A leopard gecko skeleton (D:5)
  8 rats (D:1)
143 creatures vanquished.

Vanquished Creatures (others)
  A plant (D:1)
1 creature vanquished.

Grand Total: 144 creatures vanquished

Notes
Turn   | Place    | Note
-------+----------+-------------------------------------------
     0 | D:1      | Buxparty the Mummy Gladiator began the quest for the Orb.
     0 | D:1      | Reached XP level 1. HP: 16/16 MP: 1/1
   216 | D:1      | Reached XP level 2. HP: 20/23 MP: 2/2
   538 | D:1      | Reached skill level 3 in Fighting
   616 | D:1      | Reached XP level 3. HP: 14/29 MP: 3/3
  1597 | D:2      | Reached XP level 4. HP: 37/37 MP: 4/4
  2154 | D:3      | Reached skill level 4 in Fighting
  2254 | D:3      | Noticed Jessica
  2275 | D:3      | Killed Jessica
  2275 | D:3      | Reached XP level 5. HP: 39/43 MP: 5/5
  2768 | D:4      | Noticed Natasha
  3374 | D:4      | Reached skill level 5 in Fighting
  3391 | D:4      | Found a shattered altar of Ashenzari.
  3419 | D:4      | Killed Natasha
  3758 | D:4      | Found a runed translucent gate.
  3759 | D:4      | Found a runed translucent gate.
  3760 | D:4      | Found a runed translucent gate.
  3767 | D:4      | Noticed abcdar's ghost (amateur DEVM)
  3784 | D:4      | Reached XP level 6. HP: 26/51 MP: 6/6
  3997 | D:4      | Noticed Eustachio
  4014 | D:4      | Killed Eustachio
  4014 | D:4      | Reached skill level 6 in Fighting
  4193 | D:4      | Noticed Natasha
  4216 | D:4      | Killed Natasha
  4306 | D:4      | Noticed Natasha
  4317 | D:4      | Killed Natasha
  4317 | D:4      | Reached XP level 7. HP: 50/59 MP: 7/7
  4844 | D:5      | Entered Level 5 of the Dungeon
  5273 | D:5      | Found a staircase to the Ecumenical Temple.
  5282 | Temple   | Entered the Ecumenical Temple
  5307 | Temple   | Became a worshipper of Gozag Ym Sagoz the Greedy
  5465 | D:5      | Reached skill level 7 in Fighting
  6159 | D:6      | Got a distressingly furry leather armour
  6170 | D:6      | Identified the +0 leather armour of Nossiry {rElec rF+
                  | Int-4} (You found it on level 6 of the Dungeon)
  6268 | D:6      | Reached skill level 5 in Dodging
  6491 | D:6      | Reached XP level 8. HP: 67/68 MP: 8/8
  6540 | D:6      | Found a runed translucent gate.
  6592 | D:6      | Reached skill level 8 in Fighting
  6725 | D:6      | Found a runed translucent gate.
  6725 | D:6      | Found a runed translucent gate.
  6726 | D:6      | Noticed LostInSpace's ghost (novice OpTm)
  6727 | D:6      | Noticed Buxparty's ghost (amateur MiFi)
  7853 | D:7      | Reached skill level 9 in Fighting
  7886 | D:7      | Found Wyfiym's Whimsical Warehouse.
  8753 | D:7      | HP: 2/72 [hog (8)]
  9169 | D:7      | Noticed a troll
  9181 | D:7      | HP: 3/72 [troll (13)]
  9182 | D:7      | Slain by a troll

Levels and vault maps discovered:
D:1:      roderic_crop_circles_arrival_small, layout_rooms
D:2:      layout_loops_corners
D:3:      layout_loops_ring, uniq_jessica
D:4:      layout_basic, old_standard_altar, gammafunk_ghost_necromancy,
          uniq_natasha, uniq_eustachio
D:5:      layout_rooms, minmay_temple_entry_gardened_gates, first_ration,
          kennysheep_generic_room_9
D:6:      layout_loops_corners, gammafunk_ghost_cemetery
D:7:      layout_basic, grunt_livestock, nicolae_alphabet_shops
Temple:   regret_index_temple_chain_breaker

Skill      XL: |  1  2  3  4  5  6  7  8 |
---------------+-------------------------+-----
Fighting       | 3 4 5 6 7 9 |  9.6
Dodging        | 3 4 5 6 |  6.0
Short Blades   | |  2.4
Throwing       | |  1.5

Action                   |  1- 3 |  4- 6 |  7- 9 || total
-------------------------+-------+-------+-------++-------
Melee: Rapier            |   225 |    40 |       ||   265
       Short sword       |       |   175 |   505 ||   680
Throw: Dart              |       |    11 |     3 ||    14
       Throwing net      |       |       |     4 ||     4
Invok: Potion Petition   |       |       |     1 ||     1
  Use: Scroll            |     2 |     1 |     3 ||     6
 Stab: Sleeping          |       |     1 |       ||     1
       Invisible         |       |       |     3 ||     3
       Distracted        |       |       |     2 ||     2
Armor: Leather armour    |    69 |     9 |    29 ||   107
       Robe              |       |    35 |    31 ||    66
Dodge: Dodged            |   145 |    99 |   235 ||   479
